 Dungeon Crawl Stone Soup version 0.25-a0-341-g6f074c887a (webtiles) character file.

Game seed: 6841451455697183669, levelgen mode: deterministic

19701 Ijustatesigmund the Blocker (level 12, -9/97 HPs)
             Began as a Gnoll Fighter on Dec 30, 2019.
             Was an Elder of Cheibriados.
             Mangled by a catoblepas (18 damage)
             ... on level 12 of the Dungeon.
             The game lasted 00:30:06 (13041 turns).

Ijustatesigmund the Blocker (Gnoll Fighter)        Turns: 13041, Time: 00:30:06

Health: -9/97      AC: 22    Str: 30    XL:     12   Next: 71%
Magic:  0/23       EV: 29    Int: 18    God:    Cheibriados [****..]
Gold:   451        SH: 15    Dex: 29    Spells: 25/25 levels left

rFire    + . .     SeeInvis .   a - +1 war axe (flame)
rCold    + + .     Gourm    .   c - +1 shield
rNeg     . . .     Faith    .   d - +3 plate armour
rPois    +         Spirit   +   i - +1 helmet
rElec    +         Reflect  .   j - scarf {Spirit}
rCorr    +         Harm     .   (no gloves)
MR       +....                  E - +1 pair of boots
Stlth    ..........             p - amulet of the acrobat
HPRegen  0.26/turn              n - ring of protection from magic
MPRegen  0.18/turn              H - +3 ring of strength

@: resistant, acrobat, very slow
A: distributed training, fangs 1, talons 1, cold resistance 1, dopey 1, subdued
magic 1, strong nose
a: Bend Time, Temporal Distortion, Slouch, Renounce Religion


You were on level 12 of the Dungeon.
You worshipped Cheibriados.
Cheibriados was greatly pleased with you.
You were not hungry.

You visited 2 branches of the dungeon, and saw 13 of its levels.

You collected 751 gold pieces.
You spent 300 gold pieces at shops.

Inventory:

Hand Weapons
 a - a +1 war axe of flaming (weapon)
 h - a +0 flail of holy wrath
 y - a +2 flail
Armour
 b - +0 acid dragon scales
 c - a +1 shield (worn)
 d - a +3 plate armour (worn)
 i - a +1 helmet (worn)
 j - a scarf of spirit shield (worn)
 C - a +2 hat
 E - a +1 pair of boots (worn)
Jewellery
 n - a ring of protection from magic (left hand)
 p - an amulet of the acrobat (around neck)
 r - an uncursed ring of ice
 H - a +3 ring of strength (right hand)
Wands
 o - a wand of iceblast (5)
 G - a wand of flame (17)
Scrolls
 v - 5 scrolls of remove curse
 w - 5 scrolls of amnesia
Potions
 e - 2 potions of lignification
 g - 4 potions of curing
 m - a potion of mutation
 q - a potion of cancellation
 t - a potion of magic
 u - 3 potions of berserk rage {unknown}
 x - 3 potions of flight {unknown}
 z - a potion of ambrosia
 A - a potion of agility
 D - a potion of invisibility {unknown}
Miscellaneous
 l - a phantom mirror
 F - a box of beasts
Comestibles
 f - 16 rations


   Skills:
 + Level 9.9 Fighting
 + Level 7.4 Short Blades
 + Level 7.4 Long Blades
 + Level 8.8 Axes
 + Level 7.4 Maces & Flails
 + Level 7.4 Polearms
 + Level 7.4 Staves
 + Level 7.4 Slings
 + Level 7.4 Bows
 + Level 7.4 Crossbows
 + Level 7.4 Throwing
 + Level 9.9 Armour
 + Level 7.4 Dodging
 + Level 7.4 Stealth
 + Level 9.9 Shields
 + Level 7.4 Unarmed Combat
 + Level 7.4 Spellcasting
 + Level 6.1 Conjurations
 + Level 6.1 Hexes
 + Level 6.1 Charms
 + Level 6.1 Summonings
 + Level 6.1 Necromancy
 + Level 6.1 Translocations
 + Level 6.1 Transmutations
 + Level 6.1 Fire Magic
 + Level 6.1 Ice Magic
 + Level 6.1 Air Magic
 + Level 6.1 Earth Magic
 + Level 6.1 Poison Magic
 + Level 8.1 Invocations
 + Level 7.4 Evocations


You had 25 spell levels left.
You didn't know any spells.
Your spell library contained the following spells:

 Spells                   Type           Power        Failure   Level  Hunger
 Summon Small Mammal      Summ           ###.         10%         1    None
 Call Imp                 Summ           ###.....     14%         2    None
 Poisonous Vapours        Pois/Air       ###...       14%         2    None
 Call Canine Familiar     Summ           ###.....     30%         3    #......
 Conjure Flame            Conj/Fire      ###.....     30%         3    #......
 Mephitic Cloud           Conj/Pois/Air  ###.....     30%         3    #......
 Summon Guardian Golem    Hex/Summ       ###.....     30%         3    #......
 Summon Ice Beast         Ice/Summ       ###.....     71%         4    ###....
 Summon Lightning Spire   Summ/Air       ###.....     71%         4    ###....
 Freezing Cloud           Conj/Ice/Air   ###.......   100%        6    ######.
 Ring of Flames           Chrm/Fire      ###.......   100%        7    #######


Dungeon Overview and Level Annotations

Branches:
Dungeon (12/15)            Temple (1/1) D:7            Lair (0/6) D:8
    Orc (0/2) D:9

Altars:
Ashenzari
Cheibriados
Elyvilon
Fedhas
Hepliaklqana
Makhleb
Nemelex Xobeh
Okawaru
Qazlal
Ru
Uskayaw
Vehumet
Wu Jian
Xom
Yredelemnul
Zin
The Shining One

Shops:
D:6 !

Annotations:
D:5 1 runed translucent door, qipq's ghost, amateur DEFE


Innate Abilities, Weirdness & Mutations

Your experience applies equally to all skills.
You have very sharp teeth.
Your uncanny sense of smell can sniff out nearby items.
You have sharp toenails.
Your flesh is cold resistant. (rC+)
You are dopey. (Int -2)
Your spells are a little easier to cast, but a little less powerful.


Message History

The catoblepas gores you but does no damage.
The catoblepas gores you but does no damage.
The catoblepas gores you!
* * * LOW HITPOINT WARNING * * *
The catoblepas gores you but does no damage.
The catoblepas gores you!
* * * LOW HITPOINT WARNING * * *
The catoblepas gores you but does no damage.
The catoblepas gores you!
* * * LOW HITPOINT WARNING * * *
The catoblepas gores you but does no damage.
The catoblepas gores you!
* * * LOW HITPOINT WARNING * * *
You turn to flesh and can move again.
You feel better. The catoblepas barely misses you.
The catoblepas breathes a plume of calcifying dust at you.
The blast of calcifying dust hits you but does no damage.
You see here a morningstar.
The catoblepas gores you!!
You die...

.................................
.<......=##############..........
.........# ### #..........
########## #.# #...####### #.#.#
#...# #.###.# #...#######
##E##.##.###..........
##(##.?.##.#...........
#.#($#@".##.#....######
##(##Y§§##.#.....#
##.##.##.###...## ∆
#.#.###.#.##...# ∆
####.#.#####...####### #.#.#.#
#.......... ####### #..........
#....###### ##...#


You could see a catoblepas.

Vanquished Creatures
  Gastronok (D:11)
  A hydra (D:9)
  Erolcha (D:12)
  2 two-headed ogres
  2 ugly things
  2 cyclopes (D:12)
  A deep elf mage (D:10)
  2 gargoyles (D:11)
  4 trolls
  2 tyrant leeches
  A hornet (D:10)
  A slime creature (D:7)
  4 hippogriffs
  Sigmund (D:2)
  2 vampires (D:10)
  A human (D:7)
  3 wyverns
  A wraith (D:10)
  2 basilisks (D:12)
  4 hogs (D:7)
  4 vampire mosquitoes (D:10)
  A hungry ghost (D:8)
  Edmund (D:4)
  An acid dragon (D:11)
  3 water moccasins (D:8)
  6 orc warriors
  2 black bears
  A sky beast (D:7)
  2 eyes of draining
  4 phantoms
  2 ice beasts (D:10)
  2 necrophages
  14 centaurs
  8 ogres
  4 bullfrogs
  3 earth elementals (D:12)
  A wyvern skeleton (D:9)
  8 scorpions
  2 troll zombies (D:9)
  9 killer bees
  3 wights (D:8)
  3 howler monkeys
  6 crimson imps
  4 hounds
  A quasit (D:8)
  2 centaur zombies
  6 jellies
  6 orc priests
  5 bullfrog skeletons
  A centaur skeleton (D:4)
  8 orc wizards
  2 iguanas
  7 worker ants
  6 ogre zombies (D:9)
  4 hound skeletons
  A worker ant zombie (D:9)
  A howler monkey skeleton (D:6)
  4 gnolls
  13 adders
  A shadow imp (D:12)
  An adder zombie (D:8)
  2 adder skeletons
  A worm (D:5)
  6 dart slugs
  7 leopard geckos
  39 orcs
  2 giant cockroaches
  7 goblins
  11 hobgoblins
  5 jackals
  2 quokkas
  2 ball pythons
  10 bats
  4 frilled lizards
  6 goblin zombies (D:9)
  A hobgoblin skeleton (D:9)
  A hobgoblin zombie (D:9)
  2 jackal skeletons
  5 kobolds
  2 orc skeletons (D:9)
  15 orc zombies (D:9)
  A quokka skeleton (D:5)
  4 rats
336 creatures vanquished.

Vanquished Creatures (others)
  A two-headed ogre (D:12)
  14 fungi (D:8)
  2 plants (D:8)
17 creatures vanquished.

Grand Total: 353 creatures vanquished

Notes
Turn   | Place    | Note
-------+----------+-------------------------------------------
     0 | D:1      | Ijustatesigmund the Gnoll Fighter began the quest for the
                  | Orb.
     0 | D:1      | Reached XP level 1. HP: 23/23 MP: 1/1
   160 | D:1      | Reached XP level 2. HP: 21/29 MP: 2/2
   446 | D:1      | Reached XP level 3. HP: 33/35 MP: 3/3
   682 | D:1      | Reached skill level 1 in Invocations
   985 | D:2      | Noticed Sigmund
   991 | D:2      | Killed Sigmund
   991 | D:2      | Reached skill level 1 in Short Blades
   991 | D:2      | Reached skill level 1 in Long Blades
   991 | D:2      | Reached skill level 1 in Maces & Flails
   991 | D:2      | Reached skill level 1 in Polearms
   991 | D:2      | Reached skill level 1 in Staves
   991 | D:2      | Reached skill level 1 in Slings
   991 | D:2      | Reached skill level 1 in Bows
   991 | D:2      | Reached skill level 1 in Crossbows
   991 | D:2      | Reached skill level 1 in Throwing
   991 | D:2      | Reached skill level 1 in Dodging
   991 | D:2      | Reached skill level 1 in Stealth
   991 | D:2      | Reached skill level 1 in Unarmed Combat
   991 | D:2      | Reached skill level 1 in Spellcasting
   991 | D:2      | Reached skill level 1 in Conjurations
   991 | D:2      | Reached skill level 1 in Hexes
   991 | D:2      | Reached skill level 1 in Charms
   991 | D:2      | Reached skill level 1 in Summonings
   991 | D:2      | Reached skill level 1 in Necromancy
   991 | D:2      | Reached skill level 1 in Translocations
   991 | D:2      | Reached skill level 1 in Transmutations
   991 | D:2      | Reached skill level 1 in Fire Magic
   991 | D:2      | Reached skill level 1 in Ice Magic
   991 | D:2      | Reached skill level 1 in Air Magic
   991 | D:2      | Reached skill level 1 in Earth Magic
   991 | D:2      | Reached skill level 1 in Poison Magic
   991 | D:2      | Reached skill level 1 in Evocations
   991 | D:2      | Reached XP level 4. HP: 27/41 MP: 4/6
   991 | D:2      | Reached XP level 5. HP: 32/47 MP: 4/7
  1701 | D:3      | Found a radiant altar of Vehumet.
  1711 | D:3      | Reached XP level 6. HP: 44/53 MP: 8/8
  1836 | D:3      | Found a hazy altar of Hepliaklqana.
  2389 | D:4      | Found a shattered altar of Ashenzari.
  2407 | D:4      | Reached skill level 5 in Axes
  2465 | D:4      | Noticed Edmund
  2481 | D:4      | Killed Edmund
  2481 | D:4      | Reached XP level 7. HP: 56/59 MP: 10/10
  2494 | D:4      | Found an iron altar of Okawaru.
  2509 | D:4      | Found a hide-covered altar of Uskayaw.
  2845 | D:5      | Entered Level 5 of the Dungeon
  2919 | D:5      | Found a shimmering altar of Xom.
  2968 | D:5      | You fall into a shaft and drop 3 floors!
  2998 | D:8      | Reached XP level 8. HP: 64/67 MP: 10/12
  4121 | D:7      | Reached XP level 9. HP: 72/72 MP: 14/14
  4127 | D:7      | Noticed a brown ugly thing
  4219 | D:7      | Killed a brown ugly thing
  4470 | D:7      | Reached skill level 5 in Invocations
  4486 | D:7      | Reached XP level 10. HP: 35/80 MP: 9/17
  5141 | D:6      | Found a white marble altar of Elyvilon.
  5387 | D:5      | Found a runed translucent door.
  5444 | D:5      | Noticed qipq's ghost (amateur DEFE)
  5938 | D:6      | Reached skill level 5 in Short Blades
  5938 | D:6      | Reached skill level 5 in Long Blades
  5938 | D:6      | Reached skill level 5 in Maces & Flails
  5938 | D:6      | Reached skill level 5 in Polearms
  5938 | D:6      | Reached skill level 5 in Staves
  5938 | D:6      | Reached skill level 5 in Slings
  5938 | D:6      | Reached skill level 5 in Bows
  5938 | D:6      | Reached skill level 5 in Crossbows
  5938 | D:6      | Reached skill level 5 in Throwing
  5938 | D:6      | Reached skill level 5 in Dodging
  5938 | D:6      | Reached skill level 5 in Stealth
  5938 | D:6      | Reached skill level 5 in Unarmed Combat
  5938 | D:6      | Reached skill level 5 in Spellcasting
  5938 | D:6      | Reached skill level 5 in Evocations
  6135 | D:6      | Found Peas's Distillery.
  6140 | D:6      | Bought a potion of mutation for 120 gold pieces
  6140 | D:6      | Bought a potion of curing for 45 gold pieces
  6140 | D:6      | Bought a potion of heal wounds for 75 gold pieces
  6140 | D:6      | Bought a potion of agility for 60 gold pieces
  6140 | D:6      | Gained mutation: You are dopey. (Int -2) [potion of
                  | mutation]
  6140 | D:6      | Gained mutation: You have sharp toenails. [potion of
                  | mutation]
  6140 | D:6      | Gained mutation: Your spells are a little easier to cast,
                  | but a little less powerful. [potion of mutation]
  6140 | D:6      | Gained mutation: Your flesh is cold resistant. (rC+)
                  | [potion of mutation]
  6384 | D:7      | Found a staircase to the Ecumenical Temple.
  6645 | Temple   | Entered the Ecumenical Temple
  6651 | Temple   | Became a worshipper of Cheibriados the Contemplative
  6772 | D:8      | Noticed a two-headed ogre
  6775 | D:7      | Found a sacrificial altar of Ru.
  6918 | D:8      | Reached * piety under Cheibriados
  6965 | D:8      | Killed a two-headed ogre
  7425 | D:8      | Found a blossoming altar of Fedhas.
  7427 | D:8      | Found a stormy altar of Qazlal.
  7475 | D:8      | Found a staircase to the Lair.
  7662 | D:9      | Reached XP level 11. HP: 79/87 MP: 19/19
  7865 | D:9      | Reached ** piety under Cheibriados
  7886 | D:9      | Found a staircase to the Orcish Mines.
  8416 | D:9      | Reached *** piety under Cheibriados
  8482 | D:9      | Noticed an eight-headed hydra
  8489 | D:9      | Killed an eight-headed hydra
  8600 | D:9      | Reached skill level 5 in Conjurations
  8600 | D:9      | Reached skill level 5 in Hexes
  8600 | D:9      | Reached skill level 5 in Charms
  8600 | D:9      | Reached skill level 5 in Summonings
  8600 | D:9      | Reached skill level 5 in Necromancy
  8600 | D:9      | Reached skill level 5 in Translocations
  8600 | D:9      | Reached skill level 5 in Transmutations
  8600 | D:9      | Reached skill level 5 in Fire Magic
  8600 | D:9      | Reached skill level 5 in Ice Magic
  8600 | D:9      | Reached skill level 5 in Air Magic
  8600 | D:9      | Reached skill level 5 in Earth Magic
  8600 | D:9      | Reached skill level 5 in Poison Magic
  8722 | D:9      | Noticed a two-headed ogre
  8733 | D:9      | Killed a two-headed ogre
  8988 | D:9      | Found an ornate altar of the Wu Jian Council.
  9177 | D:9      | Found a glowing silver altar of Zin.
  9177 | D:9      | Found a burning altar of Makhleb.
  9178 | D:9      | Noticed a balrug
  9178 | D:9      | Noticed an angel
  9255 | D:10     | Entered Level 10 of the Dungeon
  9809 | D:10     | Reached **** piety under Cheibriados
  9847 | D:10     | HP: 3/89 [something (6)]
 10578 | D:11     | Noticed a deep elf mage
 10602 | D:10     | Killed a deep elf mage
 10904 | D:11     | Noticed a white ugly thing
 10958 | D:11     | Killed a white ugly thing
 11134 | D:11     | Reached XP level 12. HP: 90/96 MP: 20/22
 11325 | D:11     | Found the +12 Vampire's Tooth {vamp}
 11587 | D:11     | Noticed Gastronok
 11600 | D:11     | Killed Gastronok
 12001 | D:12     | Noticed a two-headed ogre
 12113 | D:12     | Killed a two-headed ogre
 12643 | D:12     | Noticed Erolcha
 12654 | D:12     | Killed Erolcha
 12977 | D:12     | Noticed a catoblepas
 13038 | D:12     | HP: 2/97 [catoblepas (7)]
 13041 | D:12     | Mangled by a catoblepas

Levels and vault maps discovered:
D:1:      minmay_arrival_five_plusses, layout_loops_corners, minmay_vboxes
D:2:      layout_basic, skrybe_limestone_x, serial_park_tiny_1, uniq_sigmund
D:3:      layout_rooms, old_standard_altar, old_standard_altar
D:4:      layout_loops_ring, overflow_temple_1_default, okawaru_gym_becter,
          evilmike_ruin_ashenzari, uniq_edmund
D:5:      layout_basic, ebering_ghost_sewer_d, basic_altar, first_ration
D:6:      layout_basic, serial_shops, kennysheep_little_box, elyvilon_altar_5
D:7:      minmay_chambers_of_sevens, layout_loops_ring,
          nicolae_overflow_hidden_temple, lemuel_temple_firewalk_b,
          grunt_livestock
D:8:      layout_basic, grunt_temple_overflow_forces_of_nature,
          grunt_lair_entry_orc_guard_hut
D:9:      minmay_opposing_rooms, layout_small_grid,
          grunt_temple_overflow_order_and_chaos_2, marbit_many_paths,
          zombieorc2_lemuel, eino_jars
D:10:     layout_small_grid
D:11:     layout_basic, minmay_guarded_unrand_vampires_tooth, uniq_gastronok
D:12:     layout_long_grid, hangedman_cracks_in_the_wall, uniq_erolcha
Temple:   chequers_temple_sunken

Skill      XL: |  1  2  3  4  5  6  7  8  9 10 11 12 |
---------------+-------------------------------------+-----
Invocations    | 1 2 3 4 5 6 7 8 |  8.1
Short Blades   | 1 2 3 4 5 6 7 |  7.4
Long Blades    | 1 2 3 4 5 6 7 |  7.4
Maces & Flails | 1 2 3 4 5 6 7 |  7.4
Polearms       | 1 2 3 4 5 6 7 |  7.4
Staves         | 1 2 3 4 5 6 7 |  7.4
Slings         | 1 2 3 4 5 6 7 |  7.4
Bows           | 1 2 3 4 5 6 7 |  7.4
Crossbows      | 1 2 3 4 5 6 7 |  7.4
Throwing       | 1 2 3 4 5 6 7 |  7.4
Dodging        | 1 2 3 4 5 6 7 |  7.4
Stealth        | 1 2 3 4 5 6 7 |  7.4
Unarmed Combat | 1 2 3 4 5 6 7 |  7.4
Spellcasting   | 1 2 3 4 5 6 7 |  7.4
Conjurations   | 1 2 3 4 5 6 |  6.1
Hexes          | 1 2 3 4 5 6 |  6.1
Charms         | 1 2 3 4 5 6 |  6.1
Summonings     | 1 2 3 4 5 6 |  6.1
Necromancy     | 1 2 3 4 5 6 |  6.1
Translocations | 1 2 3 4 5 6 |  6.1
Transmutations | 1 2 3 4 5 6 |  6.1
Fire Magic     | 1 2 3 4 5 6 |  6.1
Ice Magic      | 1 2 3 4 5 6 |  6.1
Air Magic      | 1 2 3 4 5 6 |  6.1
Earth Magic    | 1 2 3 4 5 6 |  6.1
Poison Magic   | 1 2 3 4 5 6 |  6.1
Evocations     | 1 2 3 4 5 6 7 |  7.4
Axes           | 5 6 7 8 |  8.8
Fighting       | 7 8 9 |  9.9
Armour         | 7 8 9 |  9.9
Shields        | 7 8 9 |  9.9

Action                   |  1- 3 |  4- 6 |  7- 9 | 10-12 || total
-------------------------+-------+-------+-------+-------++-------
Melee: War axe           |    94 |    96 |   314 |   826 ||  1330
       Bite              |    12 |     9 |    39 |   170 ||   230
       Kick              |       |       |       |    76 ||    76
       Flail             |       |       |       |     4 ||     4
Invok: Bend Time         |       |       |       |     4 ||     4
       Slouch            |       |       |       |     2 ||     2
Evoke: Wand              |       |       |     2 |     6 ||     8
       Box of beasts     |       |       |       |     1 ||     1
  Use: Scroll            |     3 |     4 |     6 |    10 ||    23
       Potion            |     1 |       |     4 |    10 ||    15
  Eat: Chunk             |       |     5 |     7 |     6 ||    18
       Ration            |       |       |       |     5 ||     5
Armor: Scale mail        |    35 |       |       |       ||    35
       Ring mail         |     9 |    19 |       |       ||    28
       Plate armour      |       |    21 |   199 |   423 ||   643
       Skin              |       |       |    18 |       ||    18
Dodge: Dodged            |    21 |    35 |    91 |   380 ||   527
Block: Shield            |    59 |    59 |   210 |   710 ||  1038

Table legend:
 A = Non-vault XP
 B = Vault XP
 C = Vault XP percentage of total XP
 D = Non-vault monster count
 E = Vault monster count
 F = Vault count percentage of total count
                 A         B        C        D         E       F
            +---------+---------+-------+---------+---------+-------
      Total |   15577 |   12568 |  44.7 |     243 |      94 |  27.9
            +---------+---------+-------+---------+---------+-------
        D:1 |      59 |      10 |  14.5 |      31 |       6 |  16.2
        D:2 |      19 |     223 |  92.1 |      10 |       1 |   9.1
        D:3 |      52 |       0 |   0.0 |      12 |       0 |   0.0
        D:4 |     213 |     171 |  44.5 |      11 |       1 |   8.3
        D:5 |     452 |       0 |   0.0 |      20 |       0 |   0.0
        D:6 |     467 |       0 |   0.0 |      10 |       0 |   0.0
        D:7 |     635 |    2639 |  80.6 |      18 |      16 |  47.1
        D:8 |    3525 |     615 |  14.9 |      43 |       6 |  12.2
        D:9 |    1825 |    2161 |  54.2 |      14 |      47 |  77.0
       D:10 |    2578 |    1458 |  36.1 |      29 |       7 |  19.4
       D:11 |    3072 |    2593 |  45.8 |      23 |       2 |   8.0
       D:12 |    2680 |    2698 |  50.2 |      22 |       8 |  26.7
            +---------+---------+-------+---------+---------+-------
